AoeStats
← thankyouwalkoss

Glade

503720527Analyzed
1v1 RM · 1mo ago on Sep 2, 2026· 38m 15s· 2 players
Game mode
Random Map
Map size
Tiny (2 player)
Population
200
Speed
Normal
Resources
Standard
Victory
Conquest
Starting age
Dark Age
Ending age
Imperial Age
RankedLock teamsTeams togetherTeam positionsShared explorationLock speedFull tech treeHidden civsTurbo modeCheats
Victory
Defeat
🇨🇴 Portuguese · Colombia
1117
+16
🇰🇬 Mongols · Kyrgyzstan
1109
-16
thankyouwalkoss
2:32 Loom
9:12 Feudal Age
9:40 Horse Collar
9:46 Double-Bit Axe
14:12 Gold Mining
14:39 Town Watch
21:52 Castle Age
20:44 Fletching
22:02 Padded Archer Armor
22:52 Bloodlines
22:57 Bodkin Arrow
23:13 Stone Mining
25:08 Ballistics
27:19 Wheelbarrow
29:07 Nomads
36:47 Imperial Age
35:55 Thumb Ring
37:20 Bow Saw
37:48 Gold Shaft Mining
37:15 Heavy Plow
38:02 Drill
37:59 Bracer
COL | TheFaura
11:17 Feudal Age
13:12 Loom
16:08 Castle Age
16:39 Wheelbarrow
16:01 Stone Mining
16:05 Double-Bit Axe
17:53 Wheelbarrow
20:48 Horse Collar
31:27 Imperial Age
28:51 Gold Mining
29:11 Town Watch
29:55 Bloodlines
30:21 Bow Saw
30:53 Forging
31:26 Scale Barding Armor
31:16 Fletching
31:54 Heavy Plow
32:36 Conscription
32:20 Husbandry
32:39 Cavalier
33:46 Ballistics
34:36 Hand Cart
34:48 Chain Barding Armor
35:10 Town Patrol
36:12 Arquebus
37:07 Iron Casting
38:03 Plate Barding Armor
39:48 Blast Furnace
38:11 Elite Organ Gun
Connection lost

Rejoining the realm…

Still unreachable

The connection could not be restored.

Session expired

The server has moved on; the page needs a fresh start.